 Dungeon Crawl Stone Soup version 0.30-a0-23-ge60ba3568b (webtiles) character file.

Game seed: 3506921785010698330

163 Newt the Shooter (level 5, -6/33 HPs)
             Began as a Kobold Hunter on Aug 24, 2022.
             Killed by divine providence
             ... invoked by an orc priest
              (12 damage)
             ... on level 4 of the Dungeon.
             The game lasted 00:03:41 (2802 turns).

Newt the Shooter (Kobold Hunter)                    Turns: 2802, Time: 00:03:41

Health: -6/33      AC:  4    Str:  8    XL:     5   Next: 72%
Magic:  5/5        EV: 14    Int: 11    God:
Gold:   98         SH:  0    Dex: 20    Spells: 4/4 levels left

rFire   . . .      SeeInvis .    a - +0 shortbow
rCold   . . .      Faith    .    (shield currently unavailable)
rNeg    . . .      Spirit   .    c - +0 leather armour
rPois   .          Reflect  .    j - +0 helmet
rElec   .          Harm     .    (no cloak)
rCorr   .          Rampage  .    (no gloves)
Will    .....                    (no boots)
Stlth   ++........               (no amulet)
HPRegen 0.11/turn                (no ring)
MPRegen 0.09/turn                (no ring)

@: confused
A: small, no large weapons, nightstalker 3
a: no special abilities


You were on level 4 of the Dungeon.
You visited 1 branch of the dungeon, and saw 4 of its levels.

You collected 140 gold pieces.
You spent 42 gold pieces at shops.

Inventory:

Hand Weapons
 a - a +0 shortbow (weapon)
Armour
 c - a +0 leather armour (worn)
 j - a +0 helmet (worn)
Jewellery
 o - a ring of ice
 p - a ring of ice
Scrolls
 b - a scroll of immolation
 d - a scroll of identify
 e - a scroll of silence
 i - a scroll of amnesia
Potions
 f - 3 potions of brilliance
 g - a potion of flight
 h - a potion of berserk rage
 l - 2 potions of magic
 m - 2 potions of curing
 n - a potion of resistance {unknown}


   Skills:
 + Level 3.6 Fighting
 - Level 7.0 Ranged Weapons
 - Level 2.4 Dodging
 - Level 4.0 Stealth


You had 4 spell levels left.
You didn't know any spells.
Your spell library contained the following spells:

 Spells                   Type           Power      Damage    Failure   Level
 Slow                     Hex            0%         N/A       45%         1
 Confusing Touch          Hex            0%         N/A       83%         3
 Vampiric Draining        Necr           0%         2d6       83%         3


Dungeon Overview and Level Annotations

Branches:
Dungeon (4/15)
 Temple: D:4-7

Altars:
Xom

Shops:
D:3 !


Innate Abilities, Weirdness & Mutations

You are small and have problems with some larger weapons.
You are completely attuned to the shadows.


Message History

The arrow hits the orc but does no damage.
The orc is lightly wounded.
The orc wizard points at you and mumbles some strange words.
The magic dart hits you! The orc hits you with a +0 flail!
Something hits you but does no damage.
Fire: a) +0 shortbow
Press: ? - help, Shift-Dir - straight line, f/p - orc priest
Aim: an orc priest, wielding a +0 whip and wearing a +0 ring mail (69% to hit)
You shoot an arrow.
The arrow hits the orc but does no damage.
The orc is lightly wounded.
The orc zaps a wand.
The now-empty wand crumbles to dust.
The orc wizard closely misses you. The orc misses you.
Unknown command.
The orc attacks as you move away! The orc hits you with a +0 flail!
* * * LOW HITPOINT WARNING * * *
The orc throws a stone.
Unknown command.
Fire: a) +0 shortbow
Press: ? - help, Shift-Dir - straight line, f/p - orc priest
Aim: an orc priest, wielding a +0 whip and wearing a +0 ring mail (69% to hit)
You shoot an arrow. The arrow hits the orc wizard!
The orc wizard is almost dead.
Unknown command.
You feel better. The orc wizard casts a spell at you.
You are confused.
The orc priest looks encouraged for a moment.
Unknown command.
You are too confused!
Unknown command.
Unknown command.
You shoot an arrow. The orc hits you with a +0 flail.
The orc wizard gestures at you while chanting.
The magic dart hits you.
* * * LOW HITPOINT WARNING * * *
You shoot an arrow.
The orc priest mumbles some strange prayers to Beogh against you.
Beogh smites you!
You die...

+...†....(..#.##
#...#.......#.##
#...##.....##...
#...###...###...
##### #...#
##### #..#
##...###...#
#...
##.....##...#
#...
#......o#o..#
#...
#..[...@'{..+
#...
#......o#o..#
#...
##.....##...#
#...
##...###...#
#... ##### #...#
#... #...# #...
#...# #... #...#
#..# ...o...+
#..


You could see an orc priest, an orc wizard and 2 orcs.

Vanquished Creatures
  A hound (D:4)
  7 adders
  A worm (D:4)
  A dart slug (D:3)
  3 orcs (D:3)
  2 ball pythons (D:3)
  7 endoplasms
  3 giant cockroaches
  5 goblins
  3 hobgoblins
  4 jackals (D:3)
  6 quokkas
  3 bats
  4 frilled lizards
  4 kobolds
  8 rats
62 creatures vanquished.

Notes
Turn   | Place    | Note
-------+----------+-------------------------------------------
     0 | D:1      | Newt the Kobold Hunter began the quest for the Orb.
     0 | D:1      | Reached XP level 1. HP: 12/12 MP: 1/1
   212 | D:1      | You fall into a shaft and drop 1 floor!
   327 | D:2      | Reached XP level 2. HP: 17/17 MP: 2/2
   610 | D:1      | Reached XP level 3. HP: 19/21 MP: 3/3
   701 | D:1      | Found a faded altar of an unknown god.
  1058 | D:2      | Found a shimmering altar of Xom.
  1077 | D:2      | Reached skill level 6 in Ranged Weapons
  1091 | D:2      | Identified the +8 spear "Udoedgh" {distort, Dex+4}
  1199 | D:2      | Reached XP level 4. HP: 22/26 MP: 4/4
  2183 | D:3      | Found Syhumuso's Distillery.
  2188 | D:3      | Bought a potion of curing for 42 gold pieces
  2264 | D:3      | Reached skill level 7 in Ranged Weapons
  2264 | D:3      | Reached XP level 5. HP: 17/31 MP: 5/5
  2782 | D:4      | Paralysed by an orc for 2 turns
  2802 | D:4      | Killed from afar by an orc priest

Illustrated notes

Levels and vault maps discovered:
D:1:      lemuel_arrival_room, layout_basic, shapermc_ecumenical_altar_acropolis
D:2:      layout_loops_ring, basic_altar, minmay_misc_feat_iff
D:3:      layout_basic, serial_shops, shop, wad_floor_pattern_2,
          minmay_randomly_rotated_circles
D:4:      kennysheep_six_static_rooms, layout_rooms,
          minmay_temple_entry_stoned_glass, minmay_cupped

Skill      XL: |  1  2  3  4  5 |
---------------+----------------+-----
Stealth        | 3 4 |  4.0
Ranged Weapons | 6 7 |  7.0
Fighting       | 3 |  3.6
Dodging        | |  2.4

Action                   |  1- 3 |  4- 6 || total
-------------------------+-------+-------++-------
 Fire: Shortbow          |    50 |   113 ||   163
  Use: Scroll            |     4 |     7 ||    11
       Potion            |       |     2 ||     2
Armor: Leather armour    |     4 |    28 ||    32
Dodge: Dodged            |    18 |    78 ||    96

Table legend: (Time is in decaauts)
 A = Elapsed time spent in this place.
 B = Non-inter-level travel time spent in this place.
 C = Inter-level travel time spent in this place.
 D = Time resting spent in this place.
 E = Time spent auto-exploring this place.
 F = Levels seen in this place.
 G = Mean time per level.
                   A        B        C        D        E       F      G
               +--------+--------+--------+--------+--------+-----+--------+
         Total |   2838 |   2790 |     48 |    122 |   2296 |   4 |  709.5 |
       Dungeon |   2838 |   2790 |     48 |    122 |   2296 |   4 |  709.5 |
               +--------+--------+--------+--------+--------+-----+--------+

Top non-repeatable levels by time:
     D:3: 938 daAuts
     D:2: 862 daAuts
     D:1: 802 daAuts
     D:4: 235 daAuts
